 Dungeon Crawl Stone Soup version 0.20.1-1-g8b1a95d (webtiles) character file.

368 keltmir the Changer (level 6, 0/47 HPs)
             Began as a Draconian Transmuter on Nov 8, 2017.
             Slain by Grinder (4 damage)
             ... on level 5 of the Dungeon.
             The game lasted 00:18:10 (4835 turns).

keltmir the Changer (Draconian Transmuter)          Turns: 4835, Time: 00:18:11

Health: 0/47       AC:  6    Str: 12    XL:     6   Next: 41%
Magic:  9/9        EV: 12    Int: 15    God:
Gold:   95         SH:  0    Dex: 12    Spells: 0/9 levels left

rFire    . . .     SeeInvis .     - Unarmed
rCold    . . .     Gourm    .   (no shield)
rNeg     . . .     Faith    .   (armour unavailable)
rPois    .         Spirit   .   (helmet restricted)
rElec    .         Reflect  .   (no cloak)
rCorr    .         Harm     .   (no gloves)
MR       .....                  (no boots)
Stlth    +.........             (no amulet)
Regen    0.2/turn               (no ring)
MPRegen  0.2/turn               (no ring)

@: no status effects
A: unfitting armour, cold-blooded, AC +6
a: no special abilities


You were on level 5 of the Dungeon.
You were near starving.

You visited 1 branch of the dungeon, and saw 7 of its levels.

You collected 95 gold pieces.

Inventory:

Hand Weapons
 d - a +0 blowgun
Missiles
 a - 101 arrows
 m - 29 poisoned needles
Wands
 g - a wand of flame (34/48)
 o - a wand of confusion (25/48)
Scrolls
 e - 2 scrolls of remove curse
Potions
 f - a potion of magic {unknown}
 i - a potion of lignification
 k - a potion of experience {unknown}
Books
 b - a book of Changes

   Spells                             Type                      Level
   a - Beastly Appendage              Transmutation                1
   b - Sticks to Snakes               Transmutation                2
   c - Spider Form                    Transmutation/Poison         3
   d - Ice Form                       Ice/Transmutation            4
   e - Blade Hands                    Transmutation                5
Comestibles
 c - 3 bread rations
 j - 8 fruits
 n - a meat ration


   Skills:
 - Level 1.1 Fighting
 - Level 1.7 Dodging
 - Level 3.0 Unarmed Combat
 - Level 2.0 Spellcasting
 * Level 6.9 Transmutations


You couldn't memorise any spells.
You knew the following spells:

 Your Spells              Type           Power        Failure   Level  Hunger
a - Beastly Appendage     Tmut           ###...       1%          1    #......
b - Spider Form           Tmut/Pois      ##........   16%         3    ###....
c - Blade Hands           Tmut           ###.......   34%         5    ######.


Dungeon Overview and Level Annotations

Branches:
Dungeon (7/15)
 Temple: D:4-7

Altars:
Ashenzari
Cheibriados
Elyvilon
Fedhas
Trog

Annotations:
D:5 Grinder


Innate Abilities, Weirdness & Mutations

Your plain brown scales are hard. (AC +6)
You cannot fit into any form of body armour.
You are cold-blooded and may be slowed by cold attacks.


Message History

Grinder is lightly wounded.
Grinder says, "Just stop there for a second..."
Grinder barely misses you.
You hit Grinder.
Grinder is lightly wounded.
Grinder hits you but does no damage.
You smack Grinder!
Grinder is heavily wounded.
Grinder hits you but does no damage.
You hit Grinder.
Grinder is heavily wounded.
You hit Grinder.
Grinder is heavily wounded.
You feel less wooden. Grinder hits you!
* * * LOW HITPOINT WARNING * * *
You closely miss Grinder. You punch Grinder.
Grinder is heavily wounded.
Grinder hits you.
You die...

.... #.#
... #.#
...#.# #
..#.#.#
##.#.#.
.....
######.5#
.......@#
#########


You could see Grinder.

Vanquished Creatures
  A centaur zombie (D:7)
  A crimson imp (D:5)
  A howler monkey (D:5)
  An orc priest (D:3)
  An orc wizard (D:3)
  2 worker ants
  A hound skeleton (D:4)
  6 adders
  An adder skeleton (D:4)
  4 worms (D:3)
  2 dart slugs
  5 leopard geckos
  5 orcs (D:3)
  3 giant cockroaches
  6 goblins
  4 hobgoblins
  8 jackals
  6 bats
  4 frilled lizards
  8 kobolds
  A quokka zombie (D:7)
  7 rats
78 creatures vanquished.

Notes
Turn   | Place    | Note
-------+----------+-------------------------------------------
     0 | D:1      | keltmir the Draconian Transmuter began the quest for the Orb.
     0 | D:1      | Reached XP level 1. HP: 16/16 MP: 3/3
   317 | D:1      | Reached XP level 2. HP: 21/23 MP: 5/5
   366 | D:1      | Reached skill level 3 in Transmutations
  1063 | D:2      | Reached XP level 3. HP: 13/28 MP: 4/6
  1073 | D:2      | Learned a level 3 spell: Spider Form
  1495 | D:3      | Reached skill level 4 in Transmutations
  1884 | D:3      | Reached XP level 4. HP: 35/35 MP: 3/7
  1963 | D:3      | Found a shattered altar of Ashenzari.
  2113 | D:2      | Found a bloodstained altar of Trog.
  2560 | D:4      | Reached skill level 5 in Transmutations
  2593 | D:4      | Reached XP level 5. HP: 30/40 MP: 8/8
  2726 | D:3      | Found a blossoming altar of Fedhas.
  3484 | D:3      | Reached skill level 6 in Transmutations
  3919 | D:3      | Found a snail-covered altar of Cheibriados.
  3919 | D:3      | Found a white marble altar of Elyvilon.
  4209 | D:5      | Entered Level 5 of the Dungeon
  4232 | D:5      | Reached XP level 6. HP: 28/47 MP: 5/9
  4426 | D:4      | Learned a level 5 spell: Blade Hands
  4656 | D:4      | You fall through a shaft for 3 floors!
  4725 | D:7      | Noticed a troll
  4750 | D:7      | Noticed an ice beast
  4775 | D:7      | Noticed an ice beast
  4798 | D:6      | Noticed Grinder
  4818 | D:5      | Paralysed by Grinder for 5 turns
  4835 | D:5      | Slain by Grinder

Skill      XL: |  1  2  3  4  5 |
---------------+----------------+-----
Transmutations | 3 4 5 6 |  6.9
Fighting       | |  1.1
Dodging        | |  1.7
Unarmed Combat | |  3.0
Spellcasting   | |  2.0

Action                   |  1- 3 |  4- 6 || total
-------------------------+-------+-------++-------
Melee: Unarmed           |   120 |   190 ||   310
       Headbutt          |     1 |       ||     1
       Tailslap          |    12 |     7 ||    19
       Punch             |     2 |     1 ||     3
       Kick              |     2 |       ||     2
       Blowgun           |       |    13 ||    13
 Fire: Blowgun           |       |    12 ||    12
 Cast: Beastly Appendage |     6 |       ||     6
       Spider Form       |     3 |    21 ||    24
  Use: Scroll            |     5 |     5 ||    10
       Potion            |     1 |     2 ||     3
  Eat: Chunk             |     3 |    11 ||    14
Armor: Skin              |    21 |    40 ||    61
Dodge: Dodged            |    77 |   140 ||   217
